 Dungeon Crawl Stone Soup version 0.25-a0-504-g768f60da87 (webtiles) character file.

Game seed: 3851145776081521846, levelgen mode: deterministic

4 Forecaster the Caller (level 1, -1/7 HPs)
             Began as a Felid Summoner on Feb 14, 2020.
             Slain by a hobgoblin
             ... wielding a +0 club
              (4 damage)
             ... on level 1 of the Dungeon.
             The game lasted 00:03:03 (247 turns).

Forecaster the Caller (Felid Summoner)               Turns: 247, Time: 00:03:04

Health: -1/7       AC:  1    Str:  4    XL:     1   Next: 58%
Magic:  3/4        EV: 18    Int: 16    God:
Gold:   63         SH:  0    Dex: 16    Spells: 3/4 levels left
                                        Lives:  0   Deaths: 0

rFire    . . .     SeeInvis +   (weapon unavailable)
rCold    . . .     Gourm    .   (shield unavailable)
rNeg     . . .     Faith    .   (armour unavailable)
rPois    .         Spirit   .   (helmet unavailable)
rElec    .         Reflect  .   (cloak unavailable)
rCorr    .         Harm     .   (gloves unavailable)
MR       .....                  (boots unavailable)
Stlth    +++.......             (no amulet)
HPRegen  0.02/turn              (no ring)
MPRegen  0.09/turn              (no ring)

@: quick
A: very small, no armour, no weapons or thrown items, stealth, claws 1, fangs 3,
see invisible, carnivore, speed 1, shaggy fur 1, slow metabolism 1, sharp paws
a: no special abilities


You were on level 1 of the Dungeon.
You were not hungry.

You visited 1 branch of the dungeon, and saw 1 of its levels.

You collected 63 gold pieces.

Inventory:

Missiles
 e - 12 arrows
 g - 24 stones
Armour
 c - a +0 plate armour
 f - a +0 leather armour
 i - a scarf of spirit shield
Scrolls
 d - a scroll of enchant weapon {unknown}
Potions
 h - 2 potions of haste {unknown}
 j - a potion of heal wounds {unknown}
Comestibles
 a - 5 chunks of flesh
 b - a ration


   Skills:
 + Level 2.6 Dodging
 + Level 2.6 Stealth
 + Level 2.0 Spellcasting
 + Level 4.2 Summonings


You had 3 spell levels left.
You knew the following spells:

 Your Spells              Type           Power        Failure   Level  Hunger
a - Summon Small Mammal   Summ           ###.         3%          1    #......

Your spell library contained the following spells:

 Spells                   Type           Power        Failure   Level  Hunger
 Call Imp                 Summ           ###.....     5%          2    ###....
 Call Canine Familiar     Summ           ###.....     11%         3    ###....
 Summon Guardian Golem    Hex/Summ       #.......     26%         3    ###....
 Summon Ice Beast         Ice/Summ       #.......     65%         4    #####..
 Summon Lightning Spire   Summ/Air       #.......     65%         4    #####..


Dungeon Overview and Level Annotations

Branches:
Dungeon (1/15)

Altars:


Innate Abilities, Weirdness & Mutations

You cannot wear armour.
You are incapable of wielding weapons or throwing items.
Your paws allow you to move quietly. (Stealth)
You have sharp claws.
You have razor-sharp teeth.
You have supernaturally acute eyesight. (SInv)
You are carnivorous and can eat meat at any time.
You cover ground quickly.
You are covered in fur. (AC +1)
You have a slow metabolism.
Your sharp claws are effective at attacking unaware monsters.


Message History

j - a silvery potion A rat comes into view.
Casting: Summon Small Mammal (safe; 3% risk of failure)
Confirm with . or Enter, or press ? or * to list all spells.
Your quokka disappears in a puff of smoke!
A hobgoblin comes into view. It is wielding a +0 club.
The hobgoblin shouts!
The rat twitches its whiskers.
Found a short sword and 7 gold pieces.
You scratch the rat.
You kill the rat!
You see here a rat corpse.
You butcher the rat corpse.
Things that are here:
a chunk of flesh; a rat skeleton The hobgoblin barely misses you.
You scratch the hobgoblin but do no damage.
Your rat barely misses the hobgoblin.
The hobgoblin hits you with a +0 club.
Ouch! That really hurt!
You die...

#.# ##.# ### #.# #...
..# #$# #..# #.# #.#
#..###.# ###.# #....#.#
##.#.# #......#
####....#######.##...##
+.....%................
####..@r#######......##
##.#g# #..##..# ###.#
#..###.# #)# #..# #.#
#.# #... ..# ..#
##.##### ..# .# .# ###
## #.. ####


You could see a hobgoblin and a friendly rat.

Vanquished Creatures
  2 bats (D:1)
  A frilled lizard (D:1)
  A rat (D:1)
4 creatures vanquished.

Vanquished Creatures (collateral kills)
  A goblin (D:1)
  A kobold (D:1)
  A rat (D:1)
3 creatures vanquished.

Grand Total: 7 creatures vanquished

Notes
Turn   | Place    | Note
-------+----------+-------------------------------------------
     0 | D:1      | Forecaster the Felid Summoner began the quest for the Orb.
     0 | D:1      | Reached XP level 1. HP: 7/7 MP: 4/4
   247 | D:1      | Slain by a hobgoblin

Levels and vault maps discovered:
D:1:      psy_arrival_radial01, layout_loops_corners, minmay_pentomino_s4

Action                   || total
-------------------------++-------
Melee: Unarmed           ||    14
       Bite              ||     1
 Cast: Summon Small Mamm ||     8
 Stab: Sleeping          ||     1
Armor: Skin              ||     2
Dodge: Dodged            ||    21

Table legend:
 A = Non-vault XP
 B = Vault XP
 C = Vault XP percentage of total XP
 D = Non-vault monster count
 E = Vault monster count
 F = Vault count percentage of total count
                 A         B        C        D         E       F
            +---------+---------+-------+---------+---------+-------
      Total |       4 |       3 |  42.9 |       4 |       3 |  42.9
            +---------+---------+-------+---------+---------+-------
        D:1 |       4 |       3 |  42.9 |       4 |       3 |  42.9
            +---------+---------+-------+---------+---------+-------
